Map: Abyssal Reef LE

Players

Cuervo

  • Race: Zerg Zerg
  • Spawn Location: 11:00

RikrdoDj - Winner!

  • Race: Terran Terran
  • League: Gold
  • Spawn Location: 5:00

VOD

Have the link to the VOD?

Description

Time

  • Played on: Sept. 19, 2017, 12:33 a.m.
  • Length: 6:32
Show
View Real Time Build Order
Export as new Build Order

Cuervo Zerg 

Build Orders: Hatch First 

Get SALT Encoding   

  12  0:01  Drone  
  13  0:19  Drone  
  14  0:22  Overlord  
  14  0:43  Hatchery  
  14  0:46  Drone  
  14  0:50  Drone  
  14  0:54  Drone  
  16  1:02  Drone  
  17  1:06  Extractor  
  17  1:08  Drone  
  17  1:19  Spawning Pool  
  17  1:22  Drone  
  17  1:33  Drone  
  18  1:40  Drone  
  19  1:55  Drone  
  19  1:57  Drone  
  21  2:05  Drone  
  21  2:07  Queen  
  24  2:09  Queen  
  24  2:11  Metabolic Boost  
  24  2:14  Drone  
  27  2:23  Overlord  
  27  2:25  Drone  
  28  2:42  Drone  
  28  2:43  Drone x3  
  32  2:44  Queen  
  32  2:48  Overlord  
  34  2:57  Drone  
  34  2:58  Drone  
  36  3:12  Hatchery  
  35  3:19  Drone  
  36  3:20  Queen, Drone x2  
  36  3:21  Drone  
  36  3:24  Zergling x2  
  42  3:32  Extractor  
  42  3:34  Drone x3  
  42  3:38  Overlord  
  44  3:56  Drone, Extractor  
  44  4:10  Evolution Chamber  
  44  4:12  Evolution Chamber  
  44  4:13  Drone  
  44  4:14  Drone  
  44  4:15  Overlord x3  
  44  4:22  Baneling Nest, Zergling x2  
  44  4:27  Zergling x2  
  44  4:28  Zergling x8  
  49  4:36  Extractor  
  49  4:37  Drone  
  49  4:38  Drone x5  
  54  4:54  Roach Warren  
  54  4:55  Drone  
  54  4:56  Drone x2  
  54  4:59  Drone x3  
  59  5:06  Drone  
  63  5:07  Drone x3  
  63  5:13  Lair  
  63  5:25  Zergling x2  
  63  5:26  Zergling x14  
  71  5:30  Overlord  
  71  5:37  Zergling x6  
  71  5:40  Overlord x2  
  74  5:48  Drone x2  
  74  5:49  Drone  
  77  5:50  Drone x2  
  77  5:55  Zergling x2  
  77  5:56  Zergling x4  
  82  6:11  Zergling x8  
  82  6:12  Zergling x6  
Show
View Real Time Build Order
Export as new Build Order

RikrdoDj Terran - Winner!

Build Orders:  

Get SALT Encoding   

  12  0:02  SCV  
  13  0:14  SCV  
  14  0:19  Supply Depot  
  14  0:26  SCV  
  15  0:29  Refinery  
  15  0:45  Barracks  
  15  0:47  SCV  
  16  1:03  Supply Depot, SCV  
  17  1:47  Command Center  
  17  1:52  Bunker  
  17  1:56  Barracks Reactor  
  17  1:59  SCV  
  18  2:10  Refinery  
  18  2:30  Bunker  
  18  2:31  SCV  
  18  2:36  Marine  
  20  2:41  Marine  
  20  2:43  SCV  
  22  2:55  SCV  
  23  2:59  Marine x2  
  25  3:07  Factory  
  25  3:16  Marine, SCV  
  25  3:17  Marine  
  28  3:28  SCV x2  
  30  3:49  Marine x2  
  30  3:52  Cyclone  
  35  3:59  SCV  
  35  4:00  Starport  
  36  4:04  Supply Depot  
  36  4:12  Marine x2, SCV  
  39  4:17  SCV  
  40  4:25  Cyclone  
  40  4:29  Liberator  
  40  4:30  Supply Depot  
  43  4:32  SCV  
  47  4:55  Orbital Command  
  47  4:57  Cyclone  
  50  5:04  SCV  
  51  5:15  Supply Depot  
  51  5:17  SCV  
  52  5:23  Marine  
  52  5:24  Marine  
  54  5:29  SCV  
  55  5:41  Factory Tech Lab, SCV  
  56  5:48  Marine x2  
  58  5:52  Engineering Bay  
  58  5:54  Starport Tech Lab  
  58  6:01  Supply Depot  
  58  6:24  Supply Depot  
Tags
 
League
Gold
Matchup
TvZ
Spawn Locations
Cross Positions
Add a new tag
Caveats
  • Supply blocks, unpowered buildings, or Contaminate may cause inaccurate times.
  • Supply counts are checked every 10 seconds.